 Dungeon Crawl Stone Soup version 0.24-a0-479-g9a978d2894 (webtiles) character file.

Game seed: 554372164446881776

1005 Krouwed the Slinger (level 8, 0/82 HPs)
             Began as a Halfling Hunter on July 7, 2019.
             Succumbed to a hornet's poison
             ... on level 5 of the Dungeon.
             The game lasted 00:14:58 (4525 turns).

Krouwed the Slinger (Halfling Hunter)               Turns: 4525, Time: 00:14:59

Health: 0/82       AC:  5    Str: 19    XL:     8   Next: 44%
Magic:  8/8        EV: 14    Int: 10    God:
Gold:   223        SH:  0    Dex: 15    Spells: 7/7 levels left

rFire    . . .     SeeInvis .   b - +0 dagger (drain)
rCold    . . .     Gourm    .   (shield restricted)
rNeg     . . .     Faith    .   p - +0 ring mail (curse)
rPois    .         Spirit   .   (no helmet)
rElec    .         Reflect  .   (no cloak)
rCorr    .         Harm     .   (no gloves)
MR       .....                  (no boots)
Stlth    ..........             (no amulet)
HPRegen  0.23/turn              (no ring)
MPRegen  0.11/turn              (no ring)

@: berserking, lethally poisoned (0 -> -19), slowed
A: small, mutation resistance 1
a: no special abilities


You were on level 5 of the Dungeon.
You were not hungry.

You visited 1 branch of the dungeon, and saw 5 of its levels.

You collected 223 gold pieces.

Inventory:

Hand Weapons
 a - a +1 hunting sling
 b - a +0 dagger of draining (weapon)
Missiles
 d - 15 sling bullets
 i - 15 poisoned darts (quivered)
 k - 54 stones
Armour
 c - a +1 leather armour
 p - a cursed +0 ring mail (worn)
Jewellery
 j - a +3 ring of evasion {unknown}
 n - a cursed amulet of inaccuracy {unknown}
 o - an uncursed amulet of guardian spirit {unknown}
Wands
 e - a wand of polymorph (6)
 s - a wand of random effects (11)
Scrolls
 h - 2 scrolls of teleportation
Potions
 m - a potion of haste {unknown}
 q - a potion of brilliance {unknown}
 r - a potion of heal wounds {unknown}
 t - a potion of flight {unknown}
Comestibles
 f - 7 rations
 g - 2 chunks of flesh


   Skills:
 + Level 5.2 Fighting
 + Level 5.5 Short Blades
 + Level 9.6 Slings
 - Level 2.1 Dodging
 + Level 2.4 Stealth


You had 7 spell levels left.
You didn't know any spells.
Your spell library contained the following spells:

 Spells                   Type           Power        Failure   Level  Hunger
 Shock                    Conj/Air       #...         54%         1    ##.....
 Swiftness                Chrm/Air       #.......     69%         2    ###....
 Static Discharge         Conj/Air       #.......     89%         3    ####...
 Airstrike                Air            #.........   100%        4    #####..
 Lightning Bolt           Conj/Air       #.........   100%        5    ######.


Dungeon Overview and Level Annotations

Branches:
Dungeon (5/15)
 Temple: D:4-7

Altars:

Annotations:
D:2 1 runed translucent door, exclusion: door, Crazy Yiuf
D:5 Dowan, Duvessa


Innate Abilities, Weirdness & Mutations

You are small and have problems with some larger weapons.
You are somewhat resistant to further mutation.


Message History

You miss the hornet.
The hornet is almost dead.
You feel sick. The hornet stings you!
* * * LOW HITPOINT WARNING * * *
You are lethally poisoned!
You feel as though you will be slow longer.
The hornet stings you!
* * * LOW HITPOINT WARNING * * *
You are more poisoned.
You suddenly lose the ability to move!
* * * LOW HITPOINT WARNING * * *
You feel sick. The hornet stings you.
* * * LOW HITPOINT WARNING * * *
You shrug off the repeated paralysis!
You can move again.
You are too berserk!
You puncture the hornet!
You kill the hornet!
Your Stealth skill increases to level 2!
You die...

.##.......((.
.(.........(#
.........(.#
#......(..#
#........#
#........#
#.......#
#..@..##
##.....#
####..# #..#
#..# #..##
#...# #...#
#...#


There were no monsters in sight!

Vanquished Creatures
  A hornet (D:5)
  Sigmund (D:2)
  A phantom (D:4)
  A centaur (D:4)
  An ogre (D:4)
  An orc wizard (D:4)
  An orc priest (D:4)
  An iguana (D:5)
  Natasha (thrice) (D:3)
  Ijyb (D:5)
  A worker ant (D:4)
  A hound skeleton (D:4)
  5 adders
  A shadow imp (D:4)
  An adder skeleton (D:4)
  4 dart slugs
  A leopard gecko (D:4)
  10 orcs
  5 ball pythons
  12 bats
  17 giant cockroaches
  8 goblins
  18 hobgoblins
  A quokka (D:2)
  4 frilled lizards
  8 kobolds
  8 rats
117 creatures vanquished.

Notes
Turn   | Place    | Note
-------+----------+-------------------------------------------
     0 | D:1      | Krouwed the Halfling Hunter began the quest for the Orb.
     0 | D:1      | Reached XP level 1. HP: 14/14 MP: 1/1
    58 | D:1      | Reached skill level 6 in Slings
    76 | D:1      | Reached XP level 2. HP: 19/19 MP: 2/2
   200 | D:1      | Reached XP level 3. HP: 25/25 MP: 3/3
   635 | D:2      | Noticed Sigmund
   907 | D:1      | Reached XP level 4. HP: 17/30 MP: 4/4
  1142 | D:2      | Reached skill level 7 in Slings
  1299 | D:2      | Reached skill level 1 in Short Blades
  1503 | D:2      | Reached XP level 5. HP: 36/36 MP: 5/5
  1580 | D:2      | Found a runed translucent door.
  1581 | D:2      | Noticed Crazy Yiuf
  1609 | D:2      | Killed Sigmund
  1609 | D:2      | Reached XP level 6. HP: 31/43 MP: 6/6
  1762 | D:2      | Reached skill level 8 in Slings
  1976 | D:3      | Noticed Natasha
  1991 | D:3      | Killed Natasha
  2221 | D:3      | Noticed Natasha
  2387 | D:3      | Killed Natasha
  2501 | D:3      | Noticed Natasha
  2516 | D:3      | Killed Natasha
  2516 | D:3      | Reached XP level 7. HP: 34/48 MP: 7/7
  3874 | D:4      | Reached skill level 9 in Slings
  3897 | D:4      | Reached XP level 8. HP: 54/54 MP: 8/8
  4046 | D:4      | Reached skill level 5 in Short Blades
  4287 | D:5      | Entered Level 5 of the Dungeon
  4287 | D:5      | Noticed Duvessa
  4287 | D:5      | Noticed Dowan
  4473 | D:5      | Noticed Ijyb
  4479 | D:5      | Killed Ijyb
  4479 | D:5      | Reached skill level 5 in Fighting
  4499 | D:5      | Noticed a hornet
  4515 | D:5      | Paralysed by a hornet for 1 turns
  4523 | D:5      | Paralysed by a hornet for 1 turns
  4524 | D:5      | HP: 4/82 [poisoned by a hornet]
  4524 | D:5      | HP: 1/82 [hornet (3)]
  4525 | D:5      | Killed a hornet
  4525 | D:5      | Succumbed to a hornet's poison

Levels and vault maps discovered:
D:1:      tarquinn_simple_flora_water_d, layout_rooms, kennysheep_crisscross,
          minmay_heptomino_d4
D:2:      minmay_roachtagon, layout_rooms, serial_curves, eino_curves_01,
          eino_curves_01, uniq_crazy_yiuf_cottage, uniq_sigmund
D:3:      layout_rooms, uniq_natasha
D:4:      layout_cave_pods
D:5:      layout_cave_pods, minmay_temple_entry_waves, first_ration,
          grunt_ministairs_2, kennysheep_generic_room_9, uniq_eustachio,
          uniq_duvessa, uniq_ijyb

Skill      XL: |  1  2  3  4  5  6  7  8 |
---------------+-------------------------+-----
Slings         | 6 7 8 9 |  9.6
Fighting       | 2 3 4 5 |  5.2
Short Blades   | 1 3 4 5 |  5.5
Stealth        | 2 |  2.4
Dodging        | |  2.1

Action                   |  1- 3 |  4- 6 |  7- 9 || total
-------------------------+-------+-------+-------++-------
Melee: Dagger            |    13 |    69 |    80 ||   162
 Fire: Hunting sling     |    86 |   145 |   111 ||   342
Throw: Dart              |       |       |     5 ||     5
  Use: Scroll            |       |     5 |       ||     5
       Potion            |       |       |     1 ||     1
  Eat: Chunk             |       |     5 |     6 ||    11
Armor: Leather armour    |    18 |    22 |       ||    40
       Ring mail         |       |       |    14 ||    14
Dodge: Dodged            |    32 |    65 |    56 ||   153

Table legend:
 A = Non-vault XP
 B = Vault XP
 C = Vault XP percentage of total XP
 D = Non-vault monster count
 E = Vault monster count
 F = Vault count percentage of total count
                 A         B        C        D         E       F
            +---------+---------+-------+---------+---------+-------
      Total |    1111 |     326 |  22.7 |     100 |      17 |  14.5
            +---------+---------+-------+---------+---------+-------
        D:1 |      77 |       5 |   6.1 |      32 |       3 |   8.6
        D:2 |      55 |     253 |  82.1 |      23 |      12 |  34.3
        D:3 |     127 |      35 |  21.6 |      26 |       1 |   3.7
        D:4 |     540 |       0 |   0.0 |      17 |       0 |   0.0
        D:5 |     312 |      33 |   9.6 |       2 |       1 |  33.3
            +---------+---------+-------+---------+---------+-------
